 Dungeon Crawl Stone Soup version 0.30-a0-632-g346586fe48 (webtiles) character file.

Game seed: 4376245445129101601

1481 funkygono the Firebug (level 8, 0/53 HPs)
             Began as a Demonspawn Fire Elementalist on Jan 13, 2023.
             Killed by divine providence
             ... invoked by an orc priest
              (12 damage)
             ... on level 5 of the Dungeon.
             The game lasted 00:09:44 (4970 turns).

funkygono the Firebug (DsFE)                        Turns: 4970, Time: 00:09:44

Health: 0/53       AC:  8    Str:  9    XL:     8   Next: 50%
Magic:  13/17      EV: 13    Int: 18    God:
Gold:   271        SH:  5    Dex: 20    Spells: 13/19 levels left

rFire   . . .      SeeInvis .    e - +2 dagger (pain)
rCold   . . .      Faith    .    (no shield)
rNeg    . . .      Spirit   .    c - +1 robe {Will+}
rPois   .          Reflect  +    (helmet restricted)
rElec   .          Harm     .    q - +2 cloak
rCorr   .          Rampage  .    C - +0 pair of gloves
Will    +....                    x - +0 pair of boots
Stlth   ++                       r - amulet of reflection
HPRegen 2.28/turn                f - +6 ring of dexterity
MPRegen 0.15/turn                (no ring)

@: no status effects
A: antennae 1, ignite blood 2, powered by death 2
a: no special abilities


You were on level 5 of the Dungeon.
You visited 1 branch of the dungeon, and saw 5 of its levels.
You also visited: Sewer.

You collected 316 gold pieces.
You spent 45 gold pieces at shops.

Inventory:

Hand Weapons
 b - a +0 whip of flaming
 d - a +0 whip
 e - a +2 dagger of pain (weapon)
 o - a +0 dagger of speed
 y - the +9 quarterstaff of Hepliaklqana, Teaching {heavy, rElec rCorr MP+9 Int-2}
   (You found it on level 4 of the Dungeon)

   Int:       It affects your intelligence (-2).
   rElec:     It insulates you from electricity.
   MP:        It affects your magic capacity (+9).
   rCorr:     It protects you from acid and corrosion.
Armour
 a - a +0 robe
 c - a +1 robe of willpower (worn)
 q - a +2 cloak (worn)
 x - a +0 pair of boots (worn)
 A - a +0 troll leather armour {Pargi}
 C - a +0 pair of gloves (worn)
 D - a scarf of repulsion
Jewellery
 f - a +6 ring of dexterity (left hand)
 r - an amulet of reflection (around neck)
Scrolls
 g - 3 scrolls of amnesia {unknown}
 h - 2 scrolls of fog {unknown}
 i - 6 scrolls of identify {unknown}
 j - a scroll of acquirement {unknown}
 k - a scroll of torment {unknown}
 m - 2 scrolls of summoning {unknown}
 s - 3 scrolls of enchant armour {unknown}
 v - a scroll of magic mapping {unknown}
 B - 2 scrolls of teleportation {unknown}
Potions
 l - a potion of lignification {unknown}
 n - a potion of degeneration {unknown}
 p - 2 potions of attraction {unknown}
 t - a potion of haste {unknown}
 u - a potion of ambrosia {unknown}
 w - a potion of heal wounds {unknown}
 z - a potion of magic


   Skills:
 + Level 0.7 Fighting
 + Level 2.6 Dodging
 - Level 1.7 Stealth
 + Level 0.7 Shields
 + Level 6.2 Spellcasting
 + Level 4.3 Conjurations
 + Level 6.6 Fire Magic


You had 13 spell levels left.
You knew the following spells:

 Your Spells              Type           Power      Damage    Failure   Level
a - Foxfire               Conj/Fire      100%       2x1d9     1%          1
b - Scorch                Fire           58%        2d7       1%          2
c - Kindle Blastsparks    Fire/Tloc/Air  26%        2d12      14%         3

Your spell library contained the following spells:

 Spells                   Type           Power      Damage    Failure   Level
 Inner Flame              Hex/Fire       17%        N/A       9%          3
 Flame Wave               Conj/Fire      25%        2d8       12%         4
 Ozocubu's Armour         Ice            5%         N/A       34%         3
 Cause Fear               Hex            2%         N/A       75%         4
 Dragon Form              Tmut           2%         N/A       100%        7
 Ozocubu's Refrigeration  Ice            2%         4d8       100%        7
 Dragon's Call            Summ           2%         N/A       100%        9


Dungeon Overview and Level Annotations

Branches:
Dungeon (4/15)              Sewer (visited)
 Temple: D:4-7

Altars:
Dithmenos
Hepliaklqana
Makhleb
Okawaru
Ru
Uskayaw
Xom
Yredelemnul

Shops:
D:1 *[:   D:3 (

Annotations:
D:4 1 runed translucent door, Crazy Yiuf
D:5 5 runed translucent doors


Innate Abilities, Weirdness & Mutations

You have a pair of small antennae on your head.
Your demonic aura often causes spilled blood to erupt in flames.
You regenerate health from kills.


Message History

The ogre is almost dead.
The ogre's fire resistance burns away.
The foxfire hits something but does no damage.
The foxfire hits something.
Something completely misses you. You block the orc's attack.
Unknown command.
Casting: Scorch (safe; 1% risk of failure)
Confirm with . or Enter, or press ? or * to list all spells.
You conjure some foxfire!
The ogre hits you with a +0 giant club. The orc closely misses you.
Something hits you but does no damage.
Casting: Foxfire (safe; 1% risk of failure)
Confirm with . or Enter, or press ? or * to list all spells.
Flames lash something.
The foxfire hits something.
The foxfire hits something but does no damage.
The orc hits you with a +0 hand axe.
The ogre hits you with a +0 giant club!!
Ouch! That really hurt!
* * * LOW HITPOINT WARNING * * *
Reactivating autopickup.
You feel a bit more experienced.
Unknown command.
Casting: Scorch (safe; 1% risk of failure)
Confirm with . or Enter, or press ? or * to list all spells.
You conjure some foxfire!
Magic courses through your body.
The foxfire hits the orc.
The orc is almost dead.
The foxfire hits the ogre.
The ogre is burned terribly!
You kill the ogre!
Casting: Foxfire (safe; 1% risk of failure)
Confirm with . or Enter, or press ? or * to list all spells.
Flames lash something.
You feel a bit more experienced. The orc hits you but does no damage.
Unknown command.
Casting: Scorch (safe; 1% risk of failure)
Confirm with . or Enter, or press ? or * to list all spells.
Flames lash the orc.
You kill the orc!
The orc priest invokes the aid of Beogh against you.
Beogh smites you!
You die...

##...####......##.# ...>#
#..†.## ##..##..# ####....##
#.....# ##....#####.......###
####..####..##..#..#..........
##....#....................
##...##...#...............
#.........)........#.....
##......))o...............
#....#...@#...............
##...###..#.....#...#..#..
##.## #..#...........###. #.#
#.###.#........##..
#.####.#)#.##...........
#......#+#..##.....#....
#.##..##.##.###.........
#.##..#...#.. ##.##.....
##.#..##..y##..##..#.....


You could see an orc priest.

Vanquished Creatures
  Pikel (D:4)
  Sigmund (D:3)
  Menkaure (D:4)
  Pargi (Sewer)
  A sky beast (D:3)
  2 ogres (D:5)
  The ghost of kae the Insei, an amateur DsTm (D:3)
  A lemure (D:3)
  A kobold brigand (Sewer)
  A jelly (D:4)
  An iguana (D:5)
  2 orc wizards (D:5)
  2 adders
  An ufetubus (D:4)
  2 worms (D:4)
  A dart slug (D:1)
  5 orcs
  7 endoplasms
  3 giant cockroaches
  10 hobgoblins
  2 jackals (D:2)
  4 quokkas
  4 ball pythons
  6 bats
  3 frilled lizards
  12 goblins
  5 kobolds
  8 rats
89 creatures vanquished.

Vanquished Creatures (others)
  361 foxfires
  7 fungi (D:5)
368 creatures vanquished.

Grand Total: 457 creatures vanquished

Notes
Turn   | Place    | Note
-------+----------+-------------------------------------------
     0 | D:1      | funkygono the Demonspawn Fire Elementalist began the quest
                  | for the Orb.
     0 | D:1      | Reached XP level 1. HP: 13/13 MP: 3/3
   215 | D:1      | Gained mutation: You regenerate a little health from kills.
                  | [demonic ancestry]
   215 | D:1      | Reached XP level 2. HP: 19/19 MP: 1/5
   218 | D:1      | Learned a level 2 spell: Scorch
   365 | D:1      | Found a faded altar of an unknown god.
   545 | D:1      | Found Vitaodeb's Assorted Antiques.
   644 | D:1      | Found Faivoerph's Armour Emporium.
  1064 | D:1      | Found Jucwuwk's Book Emporium.
  1393 | D:2      | Reached XP level 3. HP: 24/24 MP: 1/6
  1397 | D:2      | Learned a level 3 spell: Kindle Blastsparks
  2401 | D:3      | Noticed Sigmund
  2408 | D:3      | Killed Sigmund
  2409 | D:3      | Gained mutation: You regenerate health from kills. [demonic
                  | ancestry]
  2409 | D:3      | Reached XP level 4. HP: 23/30 MP: 0/9
  2409 | D:3      | Gained mutation: You have a pair of small antennae on your
                  | head. [demonic ancestry]
  2409 | D:3      | Reached XP level 5. HP: 27/35 MP: 0/10
  2647 | D:3      | Found Idoras's Antique Weapon Shop.
  3028 | D:3      | Found a shadowy altar of Dithmenos.
  3029 | D:3      | Found an iron altar of Okawaru.
  3035 | D:3      | Found a burning altar of Makhleb.
  3037 | D:3      | Found a shimmering altar of Xom.
  3038 | D:3      | Found a basalt altar of Yredelemnul.
  3040 | D:3      | Found a sacrificial altar of Ru.
  3043 | D:3      | Noticed a sky beast
  3044 | D:3      | Found a hazy altar of Hepliaklqana.
  3053 | D:3      | Killed a sky beast
  3054 | D:3      | Gained mutation: Your demonic aura sometimes causes spilled
                  | blood to erupt in flames. [demonic ancestry]
  3054 | D:3      | Reached XP level 6. HP: 25/41 MP: 2/12
  3131 | D:3      | Found a hide-covered altar of Uskayaw.
  3156 | D:3      | Found a runed translucent door.
  3163 | D:3      | Noticed kae's ghost (amateur DsTm)
  3364 | D:3      | Killed kae's ghost
  3496 | D:1      | Bought a +0 pair of boots for 45 gold pieces
  3650 | D:4      | Noticed Pikel
  3757 | D:4      | Killed Pikel
  3758 | D:4      | Reached skill level 5 in Spellcasting
  3758 | D:4      | Reached skill level 5 in Fire Magic
  3758 | D:4      | Reached XP level 7. HP: 27/47 MP: 7/15
  3850 | D:4      | Noticed Menkaure
  3854 | D:4      | Killed Menkaure
  3855 | D:4      | Gained mutation: Your demonic aura often causes spilled
                  | blood to erupt in flames. [demonic ancestry]
  3855 | D:4      | Reached XP level 8. HP: 53/53 MP: 11/16
  4260 | D:4      | Identified the +9 quarterstaff of Hepliaklqana, Teaching
                  | {heavy, rElec rCorr MP+9 Int-2}
  4291 | D:4      | Found a glowing drain.
  4311 | Sewer    | Entered a sewer
  4360 | Sewer    | Noticed Pargi
  4365 | Sewer    | Killed Pargi
  4640 | D:4      | Found a runed translucent door.
  4641 | D:4      | Noticed Crazy Yiuf
  4711 | D:4      | You fall into a shaft and drop 1 floor!
  4711 | D:5      | Entered Level 5 of the Dungeon
  4865 | D:5      | Found the +9 staff of Olgreb {rPois∞}
  4902 | D:5      | Found a runed translucent door.
  4928 | D:5      | Found a runed translucent gate.
  4930 | D:5      | Found a runed translucent gate.
  4930 | D:5      | Found a runed translucent gate.
  4939 | D:5      | Found a runed translucent door.
  4970 | D:5      | Killed from afar by an orc priest

Illustrated notes

Levels and vault maps discovered:
D:1:      evilmike_arrival_crescent, layout_basic, serial_shops, shop,
          shop_fountains, shop, shapermc_ecumenical_altar_totnotflames
D:2:      layout_rooms, minmay_heptomino_o4
D:3:      cheibrodos_greedy_goblins, layout_loops_ring,
          nicolae_overflow_hallway_of_the_gods, serial_shops,
          nicolae_shop_stone, ebering_ghost_reflecting_pool, uniq_sigmund
D:4:      layout_loops_corners, cheibrodos_sewer_entry_bend, serial_rivers,
          chequers_serial_rivers_marsh, chequers_serial_rivers_large_a,
          chequers_serial_rivers_room_a, chequers_serial_rivers_room_b,
          chequers_serial_rivers_large_b, chequers_serial_rivers_micro_a,
          uniq_menkaure, uniq_crazy_yiuf_cottage, uniq_pikel
D:5:      layout_cave_pools, solitary_fountain, dreamdust_mushroom_princess,
          minmay_guarded_unrand_staff_of_olgreb

Skill      XL: |  1  2  3  4  5  6  7  8 |
---------------+-------------------------+-----
Fire Magic     | 3 4 5 6 |  6.6
Spellcasting   | 3 4 5 6 |  6.2
Conjurations   | 2 3 4 |  4.3
Dodging        | 2 |  2.6
Fighting       | |  0.7
Stealth        | |  1.7
Shields        | |  0.7

Action                   |  1- 3 |  4- 6 |  7- 9 || total
-------------------------+-------+-------+-------++-------
Melee: Dagger            |     1 |     1 |     1 ||     3
 Cast: Foxfire           |    86 |    62 |    56 ||   204
       Scorch            |     1 |    11 |    11 ||    23
  Use: Potion            |       |     1 |     1 ||     2
       Scroll            |       |     1 |       ||     1
Armor: Robe              |     7 |    10 |     5 ||    22
Dodge: Dodged            |     6 |    13 |    11 ||    30
Block: Other             |       |     5 |     4 ||     9

Table legend: (Time is in decaauts)
 A = Elapsed time spent in this place.
 B = Non-inter-level travel time spent in this place.
 C = Inter-level travel time spent in this place.
 D = Time resting spent in this place.
 E = Time spent auto-exploring this place.
 F = Levels seen in this place.
 G = Mean time per level.
                   A        B        C        D        E       F      G
               +--------+--------+--------+--------+--------+-----+--------+
         Total |   4985 |   4817 |    168 |    336 |   3348 |   6 |  830.8 |
       Dungeon |   4681 |   4513 |    168 |    336 |   3092 |   5 |  936.2 |
         Sewer |    303 |    303 |      0 |      0 |    256 |   1 |  303.0 |
               +--------+--------+--------+--------+--------+-----+--------+

Top non-repeatable levels by time:
     D:1: 1514 daAuts
     D:3: 1343 daAuts
     D:2: 875 daAuts
     D:4: 689 daAuts
   Sewer: 303 daAuts
     D:5: 258 daAuts
